 Dungeon Crawl Stone Soup version 0.29.0-4-gdea44cf6ec (webtiles) character file.

Game seed: 13035085345693465688

2093 qw the Cleaver (level 9, -4/57 HPs)
             Began as a Gargoyle Fighter on Sept 9, 2022.
             Was an Initiate of Okawaru.
             Slain by a gnoll
             ... wielding a +0 halberd
             ... led by a gnoll bouda
              (7 damage)
             ... on level 7 of the Dungeon.
             The game lasted 00:03:15 (9236 turns).

qw the Cleaver (Gargoyle Fighter)                   Turns: 9236, Time: 00:03:16

Health: -4/57      AC: 16    Str: 24    XL:     9   Next: 27%
Magic:  9/9        EV: 10    Int: 11    God:    Okawaru [......]
Gold:   152        SH:  6    Dex:  9    Spells: 8/8 levels left

rFire   + . .      SeeInvis .   Y - +2 war axe
rCold   . . .      Faith    .   e - +2 buckler "Lowirij" {rPois Int+2 Stlth+}
rNeg    + . .      Spirit   .   q - +1 ring mail {rF+}
rPois   inf        Reflect  .   m - +1 helmet
rElec   +          Harm     .   (no cloak)
rCorr   .          Rampage  .   (no gloves)
Will    .....                   a - +0 pair of boots
Stlth   +.........              s - amulet of the acrobat
HPRegen 0.19/turn               (no ring)
MPRegen 0.11/turn               (no ring)

@: mesmerised
A: sickness immunity, AC +6, negative energy resistance 1, electricity
resistance, torment resistance 1, petrification resistance
a: Renounce Religion


You were on level 7 of the Dungeon.
You worshipped Okawaru.
Okawaru was noncommittal.
You visited 2 branches of the dungeon, and saw 8 of its levels.

You collected 284 gold pieces.
You spent 132 gold pieces at shops.


Innate Abilities, Weirdness & Mutations

You are immune to sickness and miasma.
Your stone body is resilient. (AC +6)
You are immune to poison.
You resist negative energy. (rN+)
You are resistant to electric shocks. (rElec)
You are resistant to unholy torment.
You are immune to petrification.


   Skills:
 - Level 7.1 Fighting
 + Level 9.4 Axes
 - Level 3.2 Armour
 - Level 1.1 Dodging
 - Level 4.0 Shields


You had 8 spell levels left.
You didn't know any spells.
Your spell library was empty.

Inventory:

Hand Weapons
 i - a +0 morningstar
 Y - a +2 war axe (weapon)
Armour
 a - a +0 pair of boots (worn)
 b - a +0 scale mail
 e - the +2 buckler "Lowirij" (worn) {rPois Int+2 Stlth+}
   (You found it on level 2 of the Dungeon)

   Int:       It affects your intelligence (+2).
   rPois:     It protects you from poison.
   Stlth:     It makes you more stealthy.
 j - a +1 ring mail of willpower
 m - a +1 helmet (worn)
 q - a +1 ring mail of fire resistance (worn)
Jewellery
 c - a +6 ring of dexterity
 k - a ring of fire
 s - an amulet of the acrobat (around neck)
Scrolls
 f - a scroll of identify
Potions
 d - a potion of might
 g - 2 potions of attraction
 h - 2 potions of curing
 l - 2 potions of cancellation
 n - 2 potions of mutation
 o - a potion of haste
 p - 2 potions of lignification
 r - a potion of ambrosia {unknown}

Dungeon Overview and Level Annotations

Branches:
Dungeon (7/15)             Temple (1/1) D:6

Altars:
Dithmenos
Gozag
Hepliaklqana
Okawaru
Qazlal
Trog
Wu Jian
Yredelemnul
The Shining One

Shops:
D:2 =   D:4 !

Annotations:
D:7 Maggie


Message History

The wight hits you with a +3 great sword of freezing.
The wight freezes you. You block the wight's attack.
You slice the wight!!
You destroy the wight!
Okawaru accepts your kill.
You hit Maggie. You hit the wight. The wight hits you with a +0 scimitar!
The gnoll hits you but does no damage.
The gnoll hits you from afar with a +0 halberd.
Maggie gestures wildly while chanting.
Maggie attempts to bespell you! You resist with almost no effort.
You hit the wight.
The wight is almost destroyed.
You hit Maggie but do no damage. You hit the gnoll but do no damage.
The gnoll misses you.
The gnoll hits you from afar with a +0 halberd.
You block the gnoll's attack. You block the wight's attack.
Maggie casts a spell.
Maggie attempts to bespell you!
You are mesmerised by Maggie!
You hit the wight but do no damage.
The wight is almost destroyed.
You closely miss Maggie. You barely miss the gnoll.
The gnoll hits you but does no damage. The gnoll closely misses you.
The gnoll hits you from afar with a +0 halberd.
You block the wight's attack. You block Maggie's attack.
You hit the wight but do no damage.
The wight is almost destroyed.
You hit Maggie. You slash the gnoll!
You kill the gnoll!
Okawaru accepts your kill. Maggie hits you with a +0 scimitar!
The gnoll hits you but does no damage.
The gnoll hits you from afar with a +0 halberd.
You block the wight's attack.
You hit the wight.
You destroy the wight!
Okawaru accepts your kill.
You barely miss Maggie. You barely miss the gnoll.
Maggie hits you but does no damage.
The gnoll hits you from afar with a +0 halberd!
You die...

#.#......##.###...#####
#.#.##..###.# #........
#.#.##..###.# #....###.
#...........######.#
######.######...# #.# #......#
#.....# #.#### #.##.###
#g......# #.##.#
#####.#...####@........##.....
.............@gz.......+....).
#####.#...####)g..... .####...
#......# #...... ##.. ##.###.#
#..... #.# ## #.# #...# #.#
#.# #'## #.# #.# #.#########.#
#.# #.........#.#
##..######.#.#


You could see Maggie (mesmerising), a wight and 3 gnolls.

Vanquished Creatures
  A water moccasin (D:5)
  2 ice beasts
  2 black bears
  A sky beast (D:6)
  A centaur (D:5)
  3 phantoms (D:5)
  2 necrophages (D:5)
  4 scorpions
  2 wights (D:7)
  A howler monkey (D:5)
  5 hounds
  An orc priest (D:3)
  A jelly (D:5)
  5 iguanas
  4 orc wizards
  Robin (D:2)
  15 gnolls
  4 adders
  A shadow imp (D:7)
  A white imp (D:5)
  An ufetubus (D:5)
  3 worms
  3 dart slugs
  22 orcs
  14 ball pythons
  8 endoplasms
  3 giant cockroaches (D:1)
  12 hobgoblins
  6 jackals
  2 quokkas
  4 bats
  3 frilled lizards
  13 goblins
  4 kobolds
  3 rats
158 creatures vanquished.

Vanquished Creatures (others)
  16 plants
16 creatures vanquished.

Grand Total: 174 creatures vanquished

Notes
Turn   | Place    | Note
-------+----------+-------------------------------------------
     0 | D:1      | qw the Gargoyle Fighter began the quest for the Orb.
     0 | D:1      | Reached XP level 1. HP: 14/14 MP: 1/1
     0 | D:1      | 0 ||| qw: Version: 0.1-a-113-g051387a
     0 | D:1      | 0 ||| qw: Game counter: 6956
     0 | D:1      | 0 ||| qw: Always use a shield: true
     0 | D:1      | 0 ||| qw: God list: Okawaru
     0 | D:1      | 0 ||| qw: Allow faded altars: false
     0 | D:1      | 0 ||| qw: Do Orc after D:15 true
     0 | D:1      | 0 ||| qw: Do second Lair branch before Depths: true
     0 | D:1      | 0 ||| qw: Lair rune preference: random
     0 | D:1      | 0 ||| qw: Plans: Normal, Zot, God:TSO, Crypt, Tomb, Zig,
                  | Orb
     0 | D:1      | 0 ||| PLANNING D:1-11
    57 | D:1      | Reached skill level 2 in Axes
   282 | D:1      | Reached XP level 2. HP: 19/19 MP: 2/2
   540 | D:1      | 540 ||| Stepping ~*~*~tactically~*~*~ (hiding).
   557 | D:1      | Reached skill level 3 in Axes
   557 | D:1      | Reached XP level 3. HP: 19/23 MP: 3/3
  1271 | D:1      | 1271 ||| Stepping ~*~*~tactically~*~*~ (hiding).
  1404 | D:1      | Found a faded altar of an unknown god.
  1490 | D:1      | 1490 ||| READING 2 scrolls labelled BUALAF ZAOSUPSO.
  1591 | D:1      | 1591 ||| READING 2 scrolls labelled BEHIDGHEMOB.
  1592 | D:1      | 1592 ||| READING scroll labelled VAALIFA JOYGO.
  1593 | D:1      | 1593 ||| DRINKING 2 cyan potions.
  1594 | D:1      | 1594 ||| DRINKING 2 bubbling brown potions.
  1595 | D:1      | 1595 ||| DROPPING scroll of silence.
  1614 | D:2      | 1614 ||| Stepping ~*~*~tactically~*~*~ (stealth).
  1615 | D:2      | 1615 ||| Stepping ~*~*~tactically~*~*~ (stealth).
  1646 | D:2      | 1646 ||| Stepping ~*~*~tactically~*~*~ (hiding).
  1980 | D:2      | Identified the +2 buckler "Lowirij" {rPois Int+2 Stlth+}
  2004 | D:2      | Reached XP level 4. HP: 28/28 MP: 4/4
  2024 | D:2      | Noticed Robin
  2031 | D:2      | Reached skill level 4 in Axes
  2038 | D:2      | Killed Robin
  2259 | D:2      | 2259 ||| DROPPING +0 club.
  2409 | D:2      | 2409 ||| FLEEEEING.
  2414 | D:2      | 2414 ||| FLEEEEING.
  2417 | D:2      | 2417 ||| FLEEEEING.
  2418 | D:2      | 2418 ||| FLEEEEING.
  2419 | D:2      | 2419 ||| FLEEEEING.
  2420 | D:2      | 2420 ||| FLEEEEING.
  2421 | D:2      | 2421 ||| FLEEEEING.
  2422 | D:2      | 2422 ||| FLEEEEING.
  2423 | D:2      | 2423 ||| FLEEEEING.
  2424 | D:2      | 2424 ||| FLEEEEING.
  2425 | D:2      | 2425 ||| FLEEEEING.
  2426 | D:2      | 2426 ||| FLEEEEING.
  2427 | D:2      | 2427 ||| FLEEEEING.
  2649 | D:2      | Found Ulumuah's Jewellery Boutique.
  2656 | D:2      | 2656 ||| SHOPLISTING +6 ring of dexterity (396 gold, have
                  | 117).
  2656 | D:2      | 2656 ||| SHOPLISTING amulet of guardian spirit (330 gold,
                  | have 117).
  2656 | D:2      | 2656 ||| SHOPLISTING amulet of the acrobat (330 gold, have
                  | 117).
  2656 | D:2      | 2656 ||| SHOPLISTING ring of ice (275 gold, have 117).
  2656 | D:2      | 2656 ||| SHOPLISTING ring of positive energy (220 gold,
                  | have 117).
  2713 | D:2      | 2713 ||| UPGRADING to +2 buckler "Lowirij" {rPois Int+2
                  | Stlth+}.
  2723 | D:2      | 2723 ||| DROPPING +0 buckler.
  2724 | D:2      | 2724 ||| UPGRADING to +0 helmet.
  2729 | D:2      | 2729 ||| READING scroll labelled YJOORO QOSAUTE.
  2734 | D:2      | 2734 ||| READING scroll labelled QOIHEB CUNLOCOS.
  2735 | D:2      | 2735 ||| READING scroll labelled XIOKKIVVAZYT.
  2736 | D:2      | 2736 ||| READING 4 scrolls of identify.
  2736 | D:2      | 2736 ||| IDENTIFYING murky dark potion
  2737 | D:2      | 2737 ||| READING 3 scrolls of identify.
  2737 | D:2      | 2737 ||| IDENTIFYING viscous green potion
  2738 | D:2      | 2738 ||| READING 2 scrolls of identify.
  2738 | D:2      | 2738 ||| IDENTIFYING viscous brown potion
  2739 | D:2      | 2739 ||| DROPPING potion of magic.
  2740 | D:2      | 2740 ||| DROPPING potion of brilliance.
  2870 | D:3      | 2870 ||| Stepping ~*~*~tactically~*~*~ (stealth).
  2871 | D:3      | 2871 ||| Stepping ~*~*~tactically~*~*~ (stealth).
  3027 | D:3      | Found a glowing golden altar of the Shining One.
  3070 | D:3      | Found an ornate altar of the Wu Jian Council.
  3115 | D:3      | Reached XP level 5. HP: 29/32 MP: 5/5
  3191 | D:3      | 3191 ||| Stepping ~*~*~tactically~*~*~ (stealth).
  3192 | D:3      | 3192 ||| Stepping ~*~*~tactically~*~*~ (stealth).
  3203 | D:3      | 3203 ||| DROPPING +0 mace.
  3232 | D:3      | Found a shadowy altar of Dithmenos.
  3246 | D:3      | Reached skill level 5 in Axes
  3703 | D:3      | 3703 ||| UPGRADING to +0 pair of boots.
  3708 | D:3      | 3708 ||| READING scroll labelled MUOLEA KUVANWA.
  3736 | D:4      | Found Fimenu's Distillery.
  3746 | D:4      | 3746 ||| BUYING potion of attraction (33 gold).
  3746 | D:4      | Bought a potion of attraction for 33 gold pieces
  3746 | D:4      | 3746 ||| BUYING potion of curing (33 gold).
  3746 | D:4      | Bought a potion of curing for 33 gold pieces
  3746 | D:4      | 3746 ||| BUYING potion of curing (33 gold).
  3746 | D:4      | Bought a potion of curing for 33 gold pieces
  3746 | D:4      | 3746 ||| SHOPLISTING potion of heal wounds (55 gold, have
                  | 52).
  3746 | D:4      | 3746 ||| BUYING potion of lignification (33 gold).
  3746 | D:4      | Bought a potion of lignification for 33 gold pieces
  3782 | D:4      | 3782 ||| FLEEEEING.
  3783 | D:4      | 3783 ||| FLEEEEING.
  3784 | D:4      | 3784 ||| FLEEEEING.
  3785 | D:4      | 3785 ||| STAIRDANCE
  3886 | D:4      | 3886 ||| STAIRDANCE
  3892 | D:3      | 3892 ||| DRINKING 2 potions of curing.
  3892 | D:3      | 3892 ||| (to cure confusion)
  3898 | D:4      | 3898 ||| STAIRDANCE
  3919 | D:4      | 3919 ||| Stepping ~*~*~tactically~*~*~ (stealth).
  3930 | D:4      | Reached XP level 6. HP: 16/38 MP: 6/6
  4164 | D:4      | 4164 ||| Stepping ~*~*~tactically~*~*~ (stealth).
  4168 | D:4      | Reached skill level 1 in Dodging
  4181 | D:4      | 4181 ||| READING scroll of enchant armour.
  4181 | D:4      | 4181 ||| ENCHANTING +0 helmet.
  4246 | D:4      | 4246 ||| Stepping ~*~*~tactically~*~*~ (stealth).
  4248 | D:4      | 4248 ||| Stepping ~*~*~tactically~*~*~ (stealth).
  4366 | D:4      | 4366 ||| DRINKING potion of curing.
  4366 | D:4      | 4366 ||| (to cure confusion)
  4460 | D:4      | HP: 9/38 [gnoll/+0 whip (2)]
  4461 | D:4      | 4461 ||| READING scroll of teleportation.
  4995 | D:4      | 4995 ||| Stepping ~*~*~tactically~*~*~ (hiding).
  5217 | D:4      | 5217 ||| READING scroll labelled XOPSETW WANG.
  5218 | D:4      | 5218 ||| READING scroll labelled MAENU IKHOEQU.
  5219 | D:4      | 5219 ||| READING 2 scrolls of identify.
  5219 | D:4      | 5219 ||| IDENTIFYING fizzy orange potion
  5220 | D:4      | 5220 ||| DROPPING potion of flight.
  5260 | D:4      | 5260 ||| DRINKING 2 fizzy purple potions.
  5264 | D:5      | Entered Level 5 of the Dungeon
  5358 | D:5      | Noticed an ice beast
  5359 | D:5      | 5359 ||| STAIRDANCE
  5369 | D:4      | Reached skill level 6 in Axes
  5369 | D:4      | Reached XP level 7. HP: 42/43 MP: 7/7
  5374 | D:5      | 5374 ||| STAIRDANCE
  5483 | D:5      | 5483 ||| STAIRDANCE
  5562 | D:5      | Reached skill level 7 in Axes
  5660 | D:5      | 5660 ||| Stepping ~*~*~tactically~*~*~ (hiding).
  5847 | D:5      | 5847 ||| Stepping ~*~*~tactically~*~*~ (stealth).
  5861 | D:5      | HP: 10/44 [black bear (2)]
  5862 | D:5      | 5862 ||| DRINKING potion of heal wounds.
  5865 | D:5      | Reached XP level 8. HP: 34/49 MP: 8/8
  5981 | D:5      | 5981 ||| Stepping ~*~*~tactically~*~*~ (hiding).
  5998 | D:5      | 5998 ||| FLEEEEING.
  5999 | D:5      | 5999 ||| FLEEEEING.
  6000 | D:5      | 6000 ||| FLEEEEING.
  6001 | D:5      | 6001 ||| FLEEEEING.
  6002 | D:5      | 6002 ||| FLEEEEING.
  6004 | D:5      | 6004 ||| FLEEEEING.
  6005 | D:5      | 6005 ||| FLEEEEING.
  6006 | D:5      | 6006 ||| FLEEEEING.
  6007 | D:5      | 6007 ||| FLEEEEING.
  6008 | D:5      | 6008 ||| FLEEEEING.
  6009 | D:5      | 6009 ||| FLEEEEING.
  6010 | D:5      | 6010 ||| FLEEEEING.
  6011 | D:5      | 6011 ||| FLEEEEING.
  6012 | D:5      | 6012 ||| FLEEEEING.
  6013 | D:5      | 6013 ||| FLEEEEING.
  6014 | D:5      | 6014 ||| FLEEEEING.
  6015 | D:5      | 6015 ||| FLEEEEING.
  6016 | D:5      | 6016 ||| FLEEEEING.
  6017 | D:5      | 6017 ||| FLEEEEING.
  6018 | D:5      | 6018 ||| FLEEEEING.
  6019 | D:5      | 6019 ||| FLEEEEING.
  6020 | D:5      | 6020 ||| FLEEEEING.
  6022 | D:5      | 6022 ||| FLEEEEING.
  6023 | D:5      | 6023 ||| FLEEEEING.
  6024 | D:5      | 6024 ||| FLEEEEING.
  6025 | D:5      | 6025 ||| FLEEEEING.
  6026 | D:5      | 6026 ||| FLEEEEING.
  6027 | D:5      | 6027 ||| FLEEEEING.
  6028 | D:5      | 6028 ||| FLEEEEING.
  6029 | D:5      | 6029 ||| FLEEEEING.
  6030 | D:5      | 6030 ||| FLEEEEING.
  6031 | D:5      | 6031 ||| FLEEEEING.
  6032 | D:5      | 6032 ||| FLEEEEING.
  6033 | D:5      | 6033 ||| FLEEEEING.
  6034 | D:5      | 6034 ||| FLEEEEING.
  6036 | D:5      | 6036 ||| FLEEEEING.
  6037 | D:5      | 6037 ||| FLEEEEING.
  6038 | D:5      | 6038 ||| FLEEEEING.
  6039 | D:5      | 6039 ||| FLEEEEING.
  6040 | D:5      | 6040 ||| FLEEEEING.
  6126 | D:5      | 6126 ||| Stepping ~*~*~tactically~*~*~ (hiding).
  6136 | D:5      | Reached skill level 8 in Axes
  6365 | D:5      | Reached skill level 6 in Fighting
  6712 | D:5      | 6712 ||| UPGRADING to +1 ring mail of fire resistance.
  6722 | D:5      | 6722 ||| UPGRADING to amulet of the acrobat.
  6727 | D:5      | 6727 ||| READING scroll labelled SUSOCOWOWA.
  6728 | D:5      | 6728 ||| READING scroll labelled JYFOAD ACEOHO.
  6729 | D:5      | 6729 ||| READING 2 scrolls of identify.
  6729 | D:5      | 6729 ||| IDENTIFYING puce potion
  6873 | D:6      | Reached skill level 9 in Axes
  7026 | D:6      | 7026 ||| READING scroll of enchant weapon.
  7026 | D:6      | 7026 ||| ENCHANTING +1 war axe.
  7041 | D:6      | 7041 ||| Stepping ~*~*~tactically~*~*~ (stealth).
  7043 | D:6      | 7043 ||| Stepping ~*~*~tactically~*~*~ (stealth).
  7045 | D:6      | 7045 ||| Stepping ~*~*~tactically~*~*~ (stealth).
  7059 | D:6      | Found a staircase to the Ecumenical Temple.
  7060 | D:6      | 7060 ||| PLANNING TEMPLE
  7082 | Temple   | Entered the Ecumenical Temple
  7152 | Temple   | Became a worshipper of Warmaster Okawaru
  7166 | Temple   | 7166 ||| PLANNING D:1-11
  7371 | D:6      | Reached XP level 9. HP: 40/55 MP: 9/9
  7863 | D:6      | 7863 ||| DROPPING amulet of faith.
  7864 | D:6      | 7864 ||| READING scroll labelled CUPREY WOLENN.
  8903 | D:7      | 8903 ||| Stepping ~*~*~tactically~*~*~ (hiding).
  9005 | D:7      | 9005 ||| Stepping ~*~*~tactically~*~*~ (hiding).
  9107 | D:7      | 9107 ||| Stepping ~*~*~tactically~*~*~ (hiding).
  9228 | D:7      | Noticed Maggie
  9235 | D:7      | HP: 8/57 [Maggie/+0 scimitar (11)]
  9235 | D:7      | HP: 3/57 [gnoll/+0 halberd[a gnoll bouda] (5)]
  9236 | D:7      | Slain by a gnoll

Levels and vault maps discovered:
D:1:      dpeg_arrival_central, layout_loops_corners,
          shapermc_ecumenical_altar_petra, nicolae_grassy_gnolls
D:2:      layout_basic, serial_shops, nicolae_shop_crystal,
          minmay_misc_feat_alley, uniq_robin
D:3:      layout_loops_corners, mainiacjoe_overflow_large_starburst,
          nicolae_dithmenos_the_darkroom
D:4:      layout_loops_ring, serial_bayou, serial_bayou_ford_a,
          serial_bayou_pond_d, serial_bayou_lagoon_b, serial_bayou_shore_b,
          serial_shops, nicolae_stop_n_shop_1, nicolae_figureground_sparkle
D:5:      minmay_razor_zed, layout_layer_cave
D:6:      layout_basic, minmay_temple_entry_glass
D:7:      layout_loops_corners, mainiacjoe_overflow_small_starburst,
          uniq_menkaure, uniq_maggie
Temple:   regret_index_temple_generic_petals

Skill      XL: |  1  2  3  4  5  6  7  8  9 |
---------------+----------------------------+-----
Axes           | 2 3 4 5 6 7 9 |  9.4
Fighting       | 4 5 6 7 |  7.1
Dodging        | 1 |  1.1
Shields        | 4 |  4.0
Armour         | |  3.2

Action                   |  1- 3 |  4- 6 |  7- 9 || total
-------------------------+-------+-------+-------++-------
Melee: War axe           |   121 |   174 |   223 ||   518
  Use: Scroll            |     3 |    12 |     5 ||    20
       Potion            |     2 |     3 |     1 ||     6
Armor: Scale mail        |    70 |    84 |    91 ||   245
       Ring mail         |       |       |    30 ||    30
Dodge: Dodged            |    51 |    64 |    82 ||   197
Block: Buckler           |    22 |    61 |    79 ||   162

Table legend:
 A = Non-vault XP
 B = Vault XP
 C = Vault XP percentage of total XP
 D = Non-vault monster count
 E = Vault monster count
 F = Vault count percentage of total count
                 A         B        C        D         E       F
            +---------+---------+-------+---------+---------+-------
      Total |    2375 |     690 |  22.5 |     132 |      26 |  16.5
            +---------+---------+-------+---------+---------+-------
        D:1 |      48 |      14 |  22.6 |      29 |       1 |   3.3
        D:2 |      55 |      34 |  38.2 |      21 |      12 |  36.4
        D:3 |     118 |       0 |   0.0 |      18 |       0 |   0.0
        D:4 |     476 |       0 |   0.0 |      26 |       0 |   0.0
        D:5 |     991 |     642 |  39.3 |      21 |      13 |  38.2
        D:6 |     516 |       0 |   0.0 |      13 |       0 |   0.0
        D:7 |     171 |       0 |   0.0 |       4 |       0 |   0.0
            +---------+---------+-------+---------+---------+-------
